Sound Tigers vs Wolfpack
Created - March 21, 2022 at 19:41
Goals
|
| Sound Tigers |
2 |
1 |
3 |
6 |
| Wolfpack |
1 |
1 |
0 |
2 |
|
Shots
|
| Sound Tigers |
16 |
6 |
18 |
40 |
| Wolfpack |
12 |
8 |
13 |
33 |
|
1st period
1. Sound Tigers , Ryan Hartman 20 (Pavel Kraskovsky 17) at 11:06
2. Sound Tigers , James Sheppard 25 (Joe Labate 9, Scott Glennie 10) at 14:03 (PP)
3. Wolfpack , Derrick Pouliot 5 (Henrik Samuelsson 32) at 15:32
Penalties :
Alexander Yelesin (BRI) for Hooking (Minor) at 8:19, David Pope (Har) for Hooking (Minor) at 13:32, Ryan Culkin (Har) for Hooking (Minor) at 19:05
2nd period
4. Sound Tigers , Ryan Hartman 21 (Ben Thomson 9, Slater Koekkoek 15) at 6:52
5. Wolfpack , Connor Chatam 5 (Derrick Pouliot 15, Samuel Montembeault) at 18:49
Penalties :
Stefan Noesen (Har) for Slashing (Minor) at 4:24, Borna Rendulic (BRI) for Slashing (Minor) at 19:06, Henrik Samuelsson (Har) for Tripping (Minor) at 19:54
3rd period
6. Sound Tigers , Scott Glennie 13 (Joe Labate 10, Dylan McIlrath 22) at 6:13
7. Sound Tigers , Borna Rendulic 17 (Alex Tuch 21, Ryan Hartman 24) at 6:29
8. Sound Tigers , Borna Rendulic 18 (Connor Murphy 33, Ryan Hartman 25) at 7:56 (PP)
Penalties :
Henrik Samuelsson (Har) for High sticking (Minor) at 7:08
Goalie Stats
Pavel Francouz (BRI), 31 saves from 33 shots - (0.939), W, 21-16-2, 60:00 minutes
Samuel Montembeault (Har), 34 saves from 40 shots - (0.850), L, 15-12-2, 60:00 minutes
Players Stats for Sound Tigers
Player Name G A P +/- PIM S H SB GA TA FO MP PP MP PK MP
------------------------------------------------------------------------------------
Alex Tuch 0 1 1 1 0 1 1 0 2 0 1/1 20:55 3:28 1:37
Alexander Yelesin 0 0 0 1 2 0 0 1 0 1 0/0 11:23 0:00 0:00
Ben Thomson 0 1 1 2 0 1 1 0 0 0 0/0 6:42 0:08 0:00
Borna Rendulic 2 0 2 1 2 3 1 0 2 1 1/3 18:01 3:33 0:00
Connor Murphy 0 1 1 0 0 3 0 3 0 0 0/0 29:11 4:37 1:38
Dylan McIlrath 0 1 1 0 0 3 3 4 0 2 0/0 29:11 4:37 1:38
Gabriel Carlsson 0 0 0 1 0 0 0 0 0 0 0/0 11:02 0:00 0:00
Garret Ross 0 0 0 -1 0 1 4 0 0 0 0/0 12:38 0:10 0:48
James Sheppard 1 0 1 0 0 4 0 1 1 0 0/0 20:38 2:34 0:48
Joe Labate 0 2 2 0 0 3 1 1 0 0 5/11 19:55 2:24 0:05
Josh Archibald 0 0 0 -1 0 1 1 0 0 0 0/0 11:31 0:03 0:00
Julian Melchiori 0 0 0 1 0 2 2 2 0 1 0/0 19:47 1:28 1:09
Pavel Kraskovsky 0 1 1 2 0 1 0 1 1 0 2/3 6:34 0:00 0:00
Rhett Gardner 0 0 0 0 0 0 0 0 0 0 0/0 2:23 0:08 0:00
Ryan Bourque 0 0 0 -1 0 1 1 0 1 0 1/7 12:04 0:00 0:36
Ryan Hartman 2 2 4 3 0 12 3 1 2 0 15/39 24:50 3:23 1:40
Scott Glennie 1 1 2 0 0 2 1 0 0 0 0/0 19:28 2:24 0:00
Slater Koekkoek 0 1 1 1 0 2 1 1 0 2 0/0 19:47 1:28 1:09
Players Stats for Wolfpack
Player Name G A P +/- PIM S H SB GA TA FO MP PP MP PK MP
------------------------------------------------------------------------------------
Alexander Barabanov 0 0 0 -1 0 0 1 0 0 0 0/0 9:38 0:00 0:00
Colton White 0 0 0 -1 0 0 1 1 0 0 0/0 11:53 0:00 0:00
Connor Chatam 1 0 1 -1 0 2 2 0 0 0 0/0 9:44 0:05 0:00
Dave Dziurzynski 0 0 0 0 0 2 1 0 1 1 0/1 18:40 1:24 1:54
David Pope 0 0 0 -1 2 4 1 0 0 0 0/0 11:12 0:05 0:25
Derrick Pouliot 1 1 2 1 0 2 1 1 1 0 0/0 21:42 0:52 3:32
Henrik Samuelsson 0 1 1 0 4 1 1 0 1 0 4/10 16:42 1:17 1:04
Kevin Roy 0 0 0 -1 0 0 0 0 0 0 1/2 9:38 0:00 0:00
Maxime Sauvé 0 0 0 0 0 4 1 0 0 0 30/44 21:40 1:29 4:04
Mikhail Sergachev 0 0 0 -2 0 0 2 1 1 2 0/0 26:25 1:55 2:33
Ryan Culkin 0 0 0 -1 2 1 0 0 0 1 0/0 11:58 0:00 0:00
Ryan Dzingel 0 0 0 -1 0 2 0 0 0 0 0/0 10:42 0:00 0:00
Samuel Blais 0 0 0 0 0 4 3 0 0 0 0/1 15:59 1:18 0:07
Sebastian Collberg 0 0 0 0 0 2 0 0 0 0 0/0 15:39 1:18 0:00
Seth Griffith 0 0 0 -1 0 2 1 0 2 0 4/6 12:31 0:00 1:42
Stefan Noesen 0 0 0 0 2 4 5 0 1 0 0/0 20:29 1:24 2:54
Steven Santini 0 0 0 1 0 0 0 1 0 2 0/0 21:42 0:52 3:32
Vince Dunn 0 0 0 -2 0 3 2 0 0 3 0/0 26:25 1:55 2:33
3 Stars
1 - Ryan Hartman (BRI)
2 - Borna Rendulic (BRI)
3 - Scott Glennie (BRI)
Power Play
Sound Tigers - 2 on 5 Attempt(s) - 40.00%
Wolfpack - 0 on 2 Attempt(s) - 0.00%
Penalty Kill
Sound Tigers - 2 on 2 Attempt(s) - 100.00%
- Score 0 goal in Penalty Kill
Wolfpack - 3 on 5 Attempt(s) - 60.00%
- Score 0 goal in Penalty Kill
Team Stat
Sound Tigers - Hits : 20 - Faceoff Wins : 25 - Blocked Shots : 15 - Penalty Minutes : 4
Wolfpack - Hits : 22 - Faceoff Wins : 39 - Blocked Shots : 4 - Penalty Minutes : 10
Official
Referees : Francois St. Laurent and Jean Hebert
Linesman : Vaughan Rody and Kyle Flemington
Game Notes
19:14 of 1st period - Sound Tigers goal is going for a video replay. After video review, No Goal. The puck has been kicked using a distinct kicking motion.
Finance
Level 1 -- Attendance: 1894 (94.70%) -- Ticket Income $66,290
Level 2 -- Attendance: 901 (90.10%) -- Ticket Income $13,515
Total Attendance: 2795 (93.17%)
Total Ticket Income: $79,805
Other Income: $3,990
Total Income: $83,795
Sound Tigers
5 vs 5 Forward
Center Left Wing Right Wing Time % Phy DF OF
1 Ryan Hartman Alex Tuch Borna Rendulic 40 1 2 2
2 Joe Labate James Sheppard Scott Glennie 30 1 2 2
3 Ryan Bourque Garret Ross Josh Archibald 20 1 2 2
4 Pavel Kraskovsky Ben Thomson Ryan Hartman 10 1 2 2
5 vs 5 Defense
Defense Defense Time % Phy DF OF
1 Connor Murphy Dylan McIlrath 40 1 2 2
2 Julian Melchiori Slater Koekkoek 30 1 2 2
3 Gabriel Carlsson Alexander Yelesin 20 1 2 2
4 Connor Murphy Dylan McIlrath 10 1 2 2
PowerPlay Forward
Center Left Wing Right Wing Time % Phy DF OF
1 Ryan Hartman Alex Tuch Borna Rendulic 60 1 2 2
2 Joe Labate James Sheppard Scott Glennie 40 1 2 2
PowerPlay Defense
Defense Defense Time % Phy DF OF
1 Connor Murphy Dylan McIlrath 60 1 2 2
2 Julian Melchiori Slater Koekkoek 40 1 2 2
Penalty Kill 4 Players Forward
Center Wing Time % Phy DF OF
1 Ryan Hartman Alex Tuch 60 1 2 2
2 James Sheppard Garret Ross 40 1 2 2
Penalty Kill 4 Players Defense
Defense Defense Time % Phy DF OF
1 Connor Murphy Dylan McIlrath 60 1 2 2
2 Julian Melchiori Slater Koekkoek 40 1 2 2
Penalty Kill - 3 Players Forward
Forward Time % Phy DF OF
1 Ryan Hartman 60 1 2 2
2 Alex Tuch 40 1 2 2
Penalty Kill - 3 Players Defense
Defense Defense Time % Phy DF OF
1 Connor Murphy Dylan McIlrath 60 1 2 2
2 Julian Melchiori Slater Koekkoek 40 1 2 2
4 vs 4 Forward
Center Wing Time % Phy DF OF
1 Ryan Hartman Alex Tuch 60 1 2 2
2 James Sheppard Garret Ross 40 1 2 2
4 vs 4 Defense
Defense Defense Time % Phy DF OF
1 Connor Murphy Dylan McIlrath 60 1 2 2
2 Julian Melchiori Slater Koekkoek 40 1 2 2
Last Minutes Offensive
Center Left Wing Right Wing Defense Defense
Ryan Hartman Alex Tuch Borna Rendulic Connor Murphy Dylan McIlrath
Last Minutes Defensive
Center Left Wing Right Wing Defense Defense
Ryan Hartman Alex Tuch Borna Rendulic Connor Murphy Dylan McIlrath
Goaltenders
Starting : Pavel Francouz
Backup : Sean Maguire
Extra Forwards
Normal : Rhett Gardner, Ben Thomson, Ryan Bourque - PP : Rhett Gardner, Ben Thomson - PK : Ryan Bourque
Extra Defensemen
Normal : Gabriel Carlsson, Alexander Yelesin, Julian Melchiori - PP : Gabriel Carlsson - PK : Alexander Yelesin, Julian Melchiori
Penalty Shots
Ryan Hartman, Alex Tuch, James Sheppard, Garret Ross, Borna Rendulic
Scratches
Ben Johnson (Healthy), Blake Speers (Healthy), Brad Ross (Healthy), David Broll (Healthy), James Livingstone (Healthy)
Tyrell Goulbourne (Healthy), Garret Pilon (Healthy), Brandon Gignac (Healthy), Casey Staum (Healthy), Chris Driedger (Healthy)
Wolfpack
5 vs 5 Forward
Center Left Wing Right Wing Time % Phy DF OF
1 Maxime Sauvé Dave Dziurzynski Stefan Noesen 40 1 2 2
2 Henrik Samuelsson Samuel Blais Sebastian Collberg 30 1 2 2
3 Seth Griffith Ryan Dzingel David Pope 20 1 2 2
4 Kevin Roy Alexander Barabanov Connor Chatam 10 1 2 2
5 vs 5 Defense
Defense Defense Time % Phy DF OF
1 Vince Dunn Mikhail Sergachev 40 1 2 2
2 Derrick Pouliot Steven Santini 30 1 2 2
3 Ryan Culkin Colton White 20 1 2 2
4 Vince Dunn Mikhail Sergachev 10 1 2 2
PowerPlay Forward
Center Left Wing Right Wing Time % Phy DF OF
1 Maxime Sauvé Dave Dziurzynski Stefan Noesen 60 1 2 2
2 Henrik Samuelsson Samuel Blais Sebastian Collberg 40 1 2 2
PowerPlay Defense
Defense Defense Time % Phy DF OF
1 Vince Dunn Mikhail Sergachev 60 1 2 2
2 Derrick Pouliot Steven Santini 40 1 2 2
Penalty Kill 4 Players Forward
Center Wing Time % Phy DF OF
1 Maxime Sauvé Stefan Noesen 60 1 2 2
2 Dave Dziurzynski Henrik Samuelsson 40 1 2 2
Penalty Kill 4 Players Defense
Defense Defense Time % Phy DF OF
1 Derrick Pouliot Steven Santini 60 1 2 2
2 Vince Dunn Mikhail Sergachev 40 1 2 2
Penalty Kill - 3 Players Forward
Forward Time % Phy DF OF
1 Maxime Sauvé 60 1 2 2
2 Stefan Noesen 40 1 2 2
Penalty Kill - 3 Players Defense
Defense Defense Time % Phy DF OF
1 Derrick Pouliot Steven Santini 60 1 2 2
2 Vince Dunn Mikhail Sergachev 40 1 2 2
4 vs 4 Forward
Center Wing Time % Phy DF OF
1 Maxime Sauvé Stefan Noesen 60 1 2 2
2 Dave Dziurzynski Henrik Samuelsson 40 1 2 2
4 vs 4 Defense
Defense Defense Time % Phy DF OF
1 Vince Dunn Mikhail Sergachev 60 1 2 2
2 Derrick Pouliot Steven Santini 40 1 2 2
Last Minutes Offensive
Center Left Wing Right Wing Defense Defense
Maxime Sauvé Dave Dziurzynski Stefan Noesen Derrick Pouliot Steven Santini
Last Minutes Defensive
Center Left Wing Right Wing Defense Defense
Maxime Sauvé Dave Dziurzynski Stefan Noesen Derrick Pouliot Steven Santini
Goaltenders
Starting : Samuel Montembeault
Backup : Mike Condon
Extra Forwards
Normal : Samuel Blais, Stefan Noesen, Henrik Samuelsson - PP : Samuel Blais, Stefan Noesen - PK : Seth Griffith
Extra Defensemen
Normal : Derrick Pouliot, Ryan Culkin, Colton White - PP : Mikhail Sergachev - PK : Ryan Culkin, Colton White
Penalty Shots
Maxime Sauvé, Stefan Noesen, Dave Dziurzynski, Henrik Samuelsson, David Pope
Scratches
Adam Lowry (Healthy), Dryden Hunt (Healthy), Jacob Middleton (Healthy), Jake Marchment (Healthy), Joel Kiviranta (Healthy)
Joshua Jacobs (Healthy), Keegan Kolesar (Healthy), Mikhail Vorobyev (Healthy), Will Borgen (Healthy), Alex Barre-Boulet (Healthy)
Andrew Peeke (Healthy), Dante Fabbro (Healthy), Jeffrey Viel (Healthy), Yegor Korshkov (Healthy), Jake Paterson (Healthy)
% Time on Ice - Sound Tigers
Lines # - Real PCT - Wanted PCT - Time Play
Normal Forward
1 - 30% - 40% - 14:51
2 - 34% - 30% - 17:04
3 - 23% - 20% - 11:28
4 - 13% - 10% - 6:34
Normal Defense
1 - 40% - 40% - 19:52
2 - 34% - 30% - 16:46
3 - 22% - 20% - 11:02
4 - 5% - 10% - 2:17
PP Forward
1 - 58% - 60% - 3:31
2 - 42% - 40% - 2:34
PP Defense
1 - 76% - 60% - 4:37
2 - 24% - 40% - 1:28
PK Forward
1 - 71% - 60% - 1:59
2 - 29% - 40% - 0:48
PK Defense
1 - 59% - 60% - 1:38
2 - 41% - 40% - 1:09
PK3 Forward
1 - 0% - 60%
2 - 0% - 40%
PK3 Defense
1 - 0% - 60%
2 - 0% - 40%
44 Forward
1 - 83% - 60% - 0:59
2 - 17% - 40% - 0:12
44 Defense
1 - 66% - 60% - 0:47
2 - 34% - 40% - 0:24
Last Minute Offensive - 0:00
Last Minute Defensive - 0:00
Total
Forward - 60:00
Defense - 60:00
|
% Time on Ice - Wolfpack
Lines # - Real PCT - Wanted PCT - Time Play
Normal Forward
1 - 31% - 40% - 15:15
2 - 29% - 30% - 14:22
3 - 21% - 20% - 10:42
4 - 19% - 10% - 9:38
Normal Defense
1 - 39% - 40% - 19:37
2 - 33% - 30% - 16:27
3 - 24% - 20% - 11:53
4 - 4% - 10% - 2:00
PP Forward
1 - 53% - 60% - 1:29
2 - 47% - 40% - 1:18
PP Defense
1 - 69% - 60% - 1:55
2 - 31% - 40% - 0:52
PK Forward
1 - 83% - 60% - 5:02
2 - 17% - 40% - 1:03
PK Defense
1 - 56% - 60% - 3:25
2 - 44% - 40% - 2:40
PK3 Forward
1 - 0% - 60%
2 - 0% - 40%
PK3 Defense
1 - 0% - 60%
2 - 0% - 40%
44 Forward
1 - 82% - 60% - 0:58
2 - 18% - 40% - 0:13
44 Defense
1 - 49% - 60% - 0:35
2 - 51% - 40% - 0:36
Last Minute Offensive - 0:00
Last Minute Defensive - 0:00
Total
Forward - 60:00
Defense - 60:00
|
Play-by-Play
1st period
0:01 of 1st period - Maxime Sauvé wins face-off versus Ryan Hartman in neutral zone.
2:17 of 1st period - Connor Murphy is hit by Seth Griffith and loses puck.
2:28 of 1st period - Slapshot by Seth Griffith.
2:28 of 1st period - Shot Blocked by Dylan McIlrath.
2:42 of 1st period - Wrist shot by Connor Chatam.
2:42 of 1st period - Shot Misses the Net.
3:10 of 1st period - Slapshot by Ryan Hartman.
3:10 of 1st period - Stopped by Samuel Montembeault with a rebound.
3:31 of 1st period - Icing by Dylan McIlrath.
3:32 of 1st period - Maxime Sauvé wins face-off versus Pavel Kraskovsky in Sound Tigers zone.
3:47 of 1st period - Snap shot by Dave Dziurzynski.
3:47 of 1st period - Shot Misses the Net.
3:59 of 1st period - Snap shot by Connor Murphy.
3:59 of 1st period - Stopped by Samuel Montembeault without a rebound.
4:00 of 1st period - Joe Labate wins face-off versus Henrik Samuelsson in Wolfpack zone.
4:25 of 1st period - Snap shot by James Sheppard.
4:25 of 1st period - Shot Misses the Net.
5:34 of 1st period - Wrist shot by Ryan Culkin.
5:34 of 1st period - Shot Blocked by Alexander Yelesin.
5:36 of 1st period - Slapshot by Colton White.
5:36 of 1st period - Deflect By Samuel Blais.
5:36 of 1st period - Stopped by Pavel Francouz without a rebound.
5:37 of 1st period - Maxime Sauvé wins face-off versus Ryan Bourque in Sound Tigers zone.
5:46 of 1st period - Wrist shot by Ryan Bourque.
5:46 of 1st period - Stopped by Samuel Montembeault without a rebound.
5:47 of 1st period - Ryan Bourque wins face-off versus Maxime Sauvé in Wolfpack zone.
6:17 of 1st period - Icing by Stefan Noesen.
6:18 of 1st period - Maxime Sauvé wins face-off versus Ryan Hartman in Wolfpack zone.
6:39 of 1st period - Slapshot by Dave Dziurzynski.
6:39 of 1st period - Shot Misses the Net.
6:58 of 1st period - Slapshot by Seth Griffith.
6:58 of 1st period - Shot Blocked by Connor Murphy.
7:00 of 1st period - Slapshot by Derrick Pouliot.
7:00 of 1st period - Deflect By Ryan Dzingel.
7:00 of 1st period - Stopped by Pavel Francouz without a rebound.
7:01 of 1st period - Seth Griffith wins face-off versus Ryan Hartman in Sound Tigers zone.
7:23 of 1st period - Kevin Roy is hit by Garret Ross.
7:27 of 1st period - Julian Melchiori is hit by Connor Chatam and loses puck.
7:44 of 1st period - Slapshot by Henrik Samuelsson.
7:44 of 1st period - Shot Misses the Net.
7:57 of 1st period - Icing by Gabriel Carlsson.
7:58 of 1st period - Seth Griffith wins face-off versus Ryan Hartman in Sound Tigers zone.
8:13 of 1st period - Snap shot by Ryan Dzingel.
8:13 of 1st period - Shot Misses the Net.
8:19 of 1st period - Minor Penalty to Alexander Yelesin for Hooking.
8:20 of 1st period - Maxime Sauvé wins face-off versus Ryan Hartman in Sound Tigers zone.
8:33 of 1st period - Slapshot by Stefan Noesen.
8:33 of 1st period - Shot Blocked by Dylan McIlrath.
8:35 of 1st period - Slapshot by Vince Dunn.
8:35 of 1st period - Shot Blocked by Dylan McIlrath.
8:55 of 1st period - Wrist shot by Sebastian Collberg.
8:55 of 1st period - Shot Misses the Net.
9:55 of 1st period - Steven Santini is hit by Dylan McIlrath and loses puck.
10:19 of 1st period - Penalty to Alexander Yelesin is over, Alexander Yelesin is back on ice.
11:04 of 1st period - Snap shot by Ryan Hartman.
11:04 of 1st period - Stopped by Samuel Montembeault without a rebound.
11:05 of 1st period - Pavel Kraskovsky wins face-off versus Seth Griffith in Wolfpack zone.
11:06 of 1st period - Wrist shot by Ryan Hartman.
11:06 of 1st period - Goal by Ryan Hartman - Sound Tigers : 1 - Wolfpack : 0.
11:07 of 1st period - Alex Tuch wins face-off versus Maxime Sauvé in neutral zone.
11:12 of 1st period - Slapshot by Ryan Hartman.
11:12 of 1st period - Stopped by Samuel Montembeault without a rebound.
11:13 of 1st period - Ryan Hartman wins face-off versus Maxime Sauvé in Wolfpack zone.
12:19 of 1st period - Connor Murphy is hit by Dave Dziurzynski and loses puck.
12:28 of 1st period - Icing by Josh Archibald.
12:29 of 1st period - Henrik Samuelsson wins face-off versus Ryan Bourque in Sound Tigers zone.
12:32 of 1st period - Snap shot by Sebastian Collberg.
12:32 of 1st period - Stopped by Pavel Francouz without a rebound.
12:33 of 1st period - Ryan Hartman wins face-off versus Henrik Samuelsson in Sound Tigers zone.
12:38 of 1st period - Vince Dunn is hit by Ryan Hartman and loses puck.
12:47 of 1st period - Slapshot by Vince Dunn.
12:47 of 1st period - Stopped by Pavel Francouz with a rebound.
13:32 of 1st period - Minor Penalty to David Pope for Hooking.
13:33 of 1st period - Maxime Sauvé wins face-off versus Borna Rendulic in Wolfpack zone.
13:33 of 1st period - Maxime Sauvé is hit by Dylan McIlrath.
13:47 of 1st period - Slapshot by Connor Murphy.
13:47 of 1st period - Stopped by Samuel Montembeault with a rebound.
13:49 of 1st period - Slapshot by Dylan McIlrath.
13:49 of 1st period - Stopped by Samuel Montembeault with a rebound.
14:03 of 1st period - Snap shot by James Sheppard.
14:03 of 1st period - Goal by James Sheppard - Sound Tigers : 2 - Wolfpack : 0.
14:04 of 1st period - Maxime Sauvé wins face-off versus Ryan Hartman in neutral zone.
14:13 of 1st period - Off-side.
14:14 of 1st period - Maxime Sauvé wins face-off versus Ryan Hartman in neutral zone.
14:50 of 1st period - Wrist shot by Ryan Hartman.
14:50 of 1st period - Stopped by Samuel Montembeault without a rebound.
14:51 of 1st period - Joe Labate wins face-off versus Henrik Samuelsson in Wolfpack zone.
15:20 of 1st period - Icing by Henrik Samuelsson.
15:21 of 1st period - Henrik Samuelsson wins face-off versus Ryan Bourque in Wolfpack zone.
15:28 of 1st period - Snap shot by Derrick Pouliot.
15:28 of 1st period - Stopped by Pavel Francouz with a rebound.
15:30 of 1st period - Slapshot by Henrik Samuelsson.
15:30 of 1st period - Shot Misses the Net.
15:32 of 1st period - Slapshot by Derrick Pouliot.
15:32 of 1st period - Goal by Derrick Pouliot - Sound Tigers : 2 - Wolfpack : 1.
15:33 of 1st period - Maxime Sauvé wins face-off versus Ryan Hartman in neutral zone.
15:33 of 1st period - Maxime Sauvé is hit by Borna Rendulic.
15:37 of 1st period - Snap shot by Dave Dziurzynski.
15:37 of 1st period - Deflect By Maxime Sauvé.
15:37 of 1st period - Stopped by Pavel Francouz with a rebound.
15:39 of 1st period - Slapshot by Stefan Noesen.
15:39 of 1st period - Stopped by Pavel Francouz with a rebound.
15:41 of 1st period - Wrist shot by Maxime Sauvé.
15:41 of 1st period - Stopped by Pavel Francouz with a rebound.
15:47 of 1st period - Wrist shot by Stefan Noesen.
15:47 of 1st period - Stopped by Pavel Francouz with a rebound.
15:59 of 1st period - Joe Labate is hit by Mikhail Sergachev and loses puck.
16:22 of 1st period - Wrist shot by Ryan Bourque.
16:22 of 1st period - Deflect By Josh Archibald.
16:22 of 1st period - Shot Misses the Net.
16:22 of 1st period - Puck is out of play.
16:23 of 1st period - Maxime Sauvé wins face-off versus Ryan Bourque in Wolfpack zone.
16:34 of 1st period - Wrist shot by Garret Ross.
16:34 of 1st period - Stopped by Samuel Montembeault with a rebound.
16:57 of 1st period - Snap shot by James Sheppard.
16:57 of 1st period - Shot Misses the Net.
16:59 of 1st period - Wrist shot by Slater Koekkoek.
16:59 of 1st period - Deflect By James Sheppard.
16:59 of 1st period - Shot Misses the Net.
16:59 of 1st period - Puck is out of play.
17:00 of 1st period - Seth Griffith wins face-off versus Ryan Hartman in Wolfpack zone.
17:40 of 1st period - Wrist shot by Joe Labate.
17:40 of 1st period - Stopped by Samuel Montembeault without a rebound.
17:41 of 1st period - Maxime Sauvé wins face-off versus Ryan Bourque in Wolfpack zone.
17:56 of 1st period - Snap shot by Stefan Noesen.
17:56 of 1st period - Stopped by Pavel Francouz without a rebound.
17:57 of 1st period - Ryan Hartman wins face-off versus Henrik Samuelsson in Sound Tigers zone.
18:12 of 1st period - Snap shot by Ryan Hartman.
18:12 of 1st period - Shot Misses the Net.
18:19 of 1st period - Icing by Mikhail Sergachev.
18:20 of 1st period - Joe Labate wins face-off versus Samuel Blais in Wolfpack zone.
18:46 of 1st period - Snap shot by Samuel Blais.
18:46 of 1st period - Shot Blocked by Slater Koekkoek.
18:48 of 1st period - Slapshot by Vince Dunn.
18:48 of 1st period - Stopped by Pavel Francouz without a rebound.
18:49 of 1st period - Ryan Hartman wins face-off versus Maxime Sauvé in Sound Tigers zone.
18:53 of 1st period - Connor Murphy is hit by Colton White and loses puck.
18:58 of 1st period - Snap shot by Ryan Hartman.
18:58 of 1st period - Stopped by Samuel Montembeault with a rebound.
19:05 of 1st period - Minor Penalty to Ryan Culkin for Hooking.
19:06 of 1st period - Ryan Hartman wins face-off versus Maxime Sauvé in Wolfpack zone.
19:12 of 1st period - Wrist shot by Ryan Hartman.
19:12 of 1st period - Shot Misses the Net.
19:14 of 1st period - Slapshot by Ryan Hartman.
19:14 of 1st period - Sound Tigers goal is going for a video replay.
19:14 of 1st period - The goal is refused. The puck has been kicked using a distinct kicking motion..
19:15 of 1st period - Ryan Hartman wins face-off versus Maxime Sauvé in Wolfpack zone.
19:22 of 1st period - Slapshot by Ryan Hartman.
19:22 of 1st period - Stopped by Samuel Montembeault with a rebound.
19:24 of 1st period - Slapshot by Dylan McIlrath.
19:24 of 1st period - Shot Blocked by Derrick Pouliot.
19:26 of 1st period - Wrist shot by Ryan Hartman.
19:26 of 1st period - Stopped by Samuel Montembeault without a rebound.
19:27 of 1st period - Maxime Sauvé wins face-off versus Borna Rendulic in Wolfpack zone.
Goals for this period are 2 for Sound Tigers vs 1 for Wolfpack.
Shots for this period are 16 for Sound Tigers vs 12 for Wolfpack.
2nd period
0:01 of 2nd period - Maxime Sauvé wins face-off versus Ryan Hartman in neutral zone.
0:14 of 2nd period - Snap shot by Maxime Sauvé.
0:14 of 2nd period - Shot Misses the Net.
1:05 of 2nd period - Penalty to Ryan Culkin is over, Ryan Culkin is back on ice.
1:24 of 2nd period - Snap shot by Garret Ross.
1:24 of 2nd period - Shot Misses the Net.
1:26 of 2nd period - Snap shot by Josh Archibald.
1:26 of 2nd period - Shot Blocked by Steven Santini.
1:38 of 2nd period - Snap shot by Sebastian Collberg.
1:38 of 2nd period - Shot Blocked by Ryan Hartman.
1:40 of 2nd period - Wrist shot by Samuel Blais.
1:40 of 2nd period - Stopped by Pavel Francouz without a rebound.
1:41 of 2nd period - Joe Labate wins face-off versus Henrik Samuelsson in Sound Tigers zone.
1:50 of 2nd period - Slater Koekkoek is hit by Vince Dunn and loses puck.
2:18 of 2nd period - Wrist shot by Joe Labate.
2:18 of 2nd period - Shot Misses the Net.
2:32 of 2nd period - Backhand shot by Henrik Samuelsson.
2:32 of 2nd period - Shot Blocked by James Sheppard.
2:34 of 2nd period - Snap shot by Sebastian Collberg.
2:34 of 2nd period - Shot Blocked by Dylan McIlrath.
2:36 of 2nd period - Wrist shot by Samuel Blais.
2:36 of 2nd period - Stopped by Pavel Francouz with a rebound.
2:38 of 2nd period - Snap shot by Samuel Blais.
2:38 of 2nd period - Shot Blocked by Joe Labate.
2:40 of 2nd period - Snap shot by Sebastian Collberg.
2:40 of 2nd period - Shot Misses the Net.
3:01 of 2nd period - Snap shot by Sebastian Collberg.
3:01 of 2nd period - Deflect By Henrik Samuelsson.
3:01 of 2nd period - Shot Misses the Net.
3:01 of 2nd period - Puck is out of play.
3:02 of 2nd period - Maxime Sauvé wins face-off versus Ryan Hartman in Sound Tigers zone.
3:32 of 2nd period - Derrick Pouliot is hit by Julian Melchiori and loses puck.
4:05 of 2nd period - Snap shot by Ryan Hartman.
4:05 of 2nd period - Stopped by Samuel Montembeault with a rebound.
4:07 of 2nd period - Slapshot by Borna Rendulic.
4:07 of 2nd period - Shot Misses the Net.
4:15 of 2nd period - Snap shot by Ryan Hartman.
4:15 of 2nd period - Shot Misses the Net.
4:17 of 2nd period - Wrist shot by Borna Rendulic.
4:17 of 2nd period - Shot Misses the Net.
4:19 of 2nd period - Slapshot by Alex Tuch.
4:19 of 2nd period - Deflect By Steven Santini.
4:19 of 2nd period - Stopped by Samuel Montembeault with a rebound.
4:21 of 2nd period - Slapshot by Julian Melchiori.
4:21 of 2nd period - Stopped by Samuel Montembeault without a rebound.
4:22 of 2nd period - Maxime Sauvé wins face-off versus Ryan Bourque in Wolfpack zone.
4:24 of 2nd period - Minor Penalty to Stefan Noesen for Slashing.
4:25 of 2nd period - Maxime Sauvé wins face-off versus Joe Labate in Wolfpack zone.
4:36 of 2nd period - Snap shot by Joe Labate.
4:36 of 2nd period - Stopped by Samuel Montembeault without a rebound.
4:37 of 2nd period - Maxime Sauvé wins face-off versus Joe Labate in Wolfpack zone.
4:37 of 2nd period - Maxime Sauvé is hit by Dylan McIlrath.
4:47 of 2nd period - Snap shot by Maxime Sauvé.
4:47 of 2nd period - Shot Misses the Net.
4:55 of 2nd period - Connor Murphy is hit by Derrick Pouliot and loses puck.
5:10 of 2nd period - Snap shot by Ryan Hartman.
5:10 of 2nd period - Shot Misses the Net.
6:24 of 2nd period - Penalty to Stefan Noesen is over, Stefan Noesen is back on ice.
6:52 of 2nd period - Slapshot by Ryan Hartman.
6:52 of 2nd period - Goal by Ryan Hartman - Sound Tigers : 3 - Wolfpack : 1.
6:53 of 2nd period - Ryan Hartman wins face-off versus Maxime Sauvé in neutral zone.
8:01 of 2nd period - Ryan Hartman is hit by Stefan Noesen and loses puck.
8:16 of 2nd period - Vince Dunn is hit by Slater Koekkoek and loses puck.
8:35 of 2nd period - Snap shot by Connor Chatam.
8:35 of 2nd period - Shot Blocked by Pavel Kraskovsky.
8:47 of 2nd period - Snap shot by Seth Griffith.
8:47 of 2nd period - Stopped by Pavel Francouz with a rebound.
9:41 of 2nd period - Off-side.
9:42 of 2nd period - Henrik Samuelsson wins face-off versus Joe Labate in neutral zone.
9:45 of 2nd period - Slapshot by Derrick Pouliot.
9:45 of 2nd period - Shot Misses the Net.
9:57 of 2nd period - Snap shot by Sebastian Collberg.
9:57 of 2nd period - Stopped by Pavel Francouz without a rebound.
9:58 of 2nd period - Ryan Hartman wins face-off versus Dave Dziurzynski in Sound Tigers zone.
10:32 of 2nd period - Scott Glennie is hit by Henrik Samuelsson.
11:10 of 2nd period - Wrist shot by Dave Dziurzynski.
11:10 of 2nd period - Stopped by Pavel Francouz without a rebound.
11:11 of 2nd period - Maxime Sauvé wins face-off versus Ryan Hartman in Sound Tigers zone.
12:09 of 2nd period - Wrist shot by David Pope.
12:09 of 2nd period - Stopped by Pavel Francouz without a rebound.
12:10 of 2nd period - Ryan Hartman wins face-off versus Maxime Sauvé in Sound Tigers zone.
12:10 of 2nd period - Ryan Hartman is hit by Maxime Sauvé.
12:36 of 2nd period - Henrik Samuelsson is hit by Josh Archibald.
13:07 of 2nd period - Off-side.
13:08 of 2nd period - Maxime Sauvé wins face-off versus Ryan Hartman in neutral zone.
13:25 of 2nd period - Slater Koekkoek is hit by Stefan Noesen and loses puck.
13:40 of 2nd period - Vince Dunn is hit by Joe Labate and loses puck.
13:54 of 2nd period - Scott Glennie is hit by David Pope and loses puck.
14:17 of 2nd period - Wrist shot by James Sheppard.
14:17 of 2nd period - Shot Misses the Net.
14:32 of 2nd period - Backhand shot by Seth Griffith.
14:32 of 2nd period - Stopped by Pavel Francouz without a rebound.
14:33 of 2nd period - Maxime Sauvé wins face-off versus Ryan Hartman in Sound Tigers zone.
14:38 of 2nd period - Wrist shot by Maxime Sauvé.
14:38 of 2nd period - Shot Misses the Net.
14:51 of 2nd period - Dylan McIlrath is hit by Stefan Noesen and loses puck.
15:24 of 2nd period - Ryan Hartman is hit by Alexander Barabanov and loses puck.
16:49 of 2nd period - Slater Koekkoek is hit by Mikhail Sergachev and loses puck.
17:02 of 2nd period - Mikhail Sergachev is hit by Garret Ross and loses puck.
17:20 of 2nd period - Steven Santini is hit by Alex Tuch and loses puck.
17:42 of 2nd period - Joe Labate is hit by Samuel Blais and loses puck.
17:55 of 2nd period - Maxime Sauvé is hit by Julian Melchiori and loses puck.
18:36 of 2nd period - Derrick Pouliot is hit by Garret Ross and loses puck.
18:49 of 2nd period - Wrist shot by Connor Chatam.
18:49 of 2nd period - Goal by Connor Chatam - Sound Tigers : 3 - Wolfpack : 2.
18:50 of 2nd period - Maxime Sauvé wins face-off versus Ryan Hartman in neutral zone.
18:59 of 2nd period - Wrist shot by Stefan Noesen.
18:59 of 2nd period - Deflect By Maxime Sauvé.
18:59 of 2nd period - Shot Blocked by Connor Murphy.
18:59 of 2nd period - Puck is out of play.
19:00 of 2nd period - Maxime Sauvé wins face-off versus Ryan Hartman in Sound Tigers zone.
19:01 of 2nd period - Wrist shot by Stefan Noesen.
19:01 of 2nd period - Deflect By Maxime Sauvé.
19:01 of 2nd period - Shot Misses the Net.
19:01 of 2nd period - Puck is out of play.
19:02 of 2nd period - Maxime Sauvé wins face-off versus Ryan Hartman in Sound Tigers zone.
19:06 of 2nd period - Minor Penalty to Borna Rendulic for Slashing.
19:07 of 2nd period - Ryan Hartman wins face-off versus Maxime Sauvé in Sound Tigers zone.
19:17 of 2nd period - Wrist shot by Ryan Hartman.
19:17 of 2nd period - Stopped by Samuel Montembeault with a rebound.
19:54 of 2nd period - Minor Penalty to Henrik Samuelsson for Tripping.
19:55 of 2nd period - Maxime Sauvé wins face-off versus Ryan Hartman in Wolfpack zone.
Goals for this period are 1 for Sound Tigers vs 1 for Wolfpack.
Shots for this period are 6 for Sound Tigers vs 8 for Wolfpack.
3rd period
0:01 of 3rd period - Maxime Sauvé wins face-off versus Ryan Hartman in neutral zone.
0:12 of 3rd period - Slapshot by Connor Murphy.
0:12 of 3rd period - Shot Misses the Net.
0:29 of 3rd period - Off-side.
0:30 of 3rd period - Maxime Sauvé wins face-off versus Ryan Hartman in neutral zone.
1:06 of 3rd period - Penalty to Borna Rendulic is over, Borna Rendulic is back on ice.
1:54 of 3rd period - Penalty to Henrik Samuelsson is over, Henrik Samuelsson is back on ice.
2:14 of 3rd period - Backhand shot by Julian Melchiori.
2:14 of 3rd period - Shot Blocked by Colton White.
2:16 of 3rd period - Slapshot by Slater Koekkoek.
2:16 of 3rd period - Stopped by Samuel Montembeault without a rebound.
2:17 of 3rd period - Pavel Kraskovsky wins face-off versus Henrik Samuelsson in Wolfpack zone.
2:20 of 3rd period - Wrist shot by Pavel Kraskovsky.
2:20 of 3rd period - Stopped by Samuel Montembeault with a rebound.
2:40 of 3rd period - Ben Thomson is hit by Vince Dunn and loses puck.
2:51 of 3rd period - Slapshot by Ben Thomson.
2:51 of 3rd period - Stopped by Samuel Montembeault with a rebound.
3:05 of 3rd period - Slapshot by Samuel Blais.
3:05 of 3rd period - Stopped by Pavel Francouz with a rebound.
3:07 of 3rd period - Slapshot by Colton White.
3:07 of 3rd period - Shot Misses the Net.
3:09 of 3rd period - Slapshot by Colton White.
3:09 of 3rd period - Shot Blocked by Connor Murphy.
3:11 of 3rd period - Snap shot by Ryan Culkin.
3:11 of 3rd period - Stopped by Pavel Francouz without a rebound.
3:12 of 3rd period - Ryan Hartman wins face-off versus Maxime Sauvé in Sound Tigers zone.
3:46 of 3rd period - Off-side.
3:47 of 3rd period - Maxime Sauvé wins face-off versus Ryan Hartman in neutral zone.
3:50 of 3rd period - Wrist shot by Stefan Noesen.
3:50 of 3rd period - Deflect By Maxime Sauvé.
3:50 of 3rd period - Stopped by Pavel Francouz with a rebound.
4:02 of 3rd period - Julian Melchiori is hit by Stefan Noesen and loses puck.
4:25 of 3rd period - Snap shot by David Pope.
4:25 of 3rd period - Stopped by Pavel Francouz with a rebound.
4:39 of 3rd period - Slapshot by Julian Melchiori.
4:39 of 3rd period - Stopped by Samuel Montembeault with a rebound.
5:01 of 3rd period - Slapshot by Steven Santini.
5:01 of 3rd period - Shot Misses the Net.
6:01 of 3rd period - Snap shot by Connor Chatam.
6:01 of 3rd period - Stopped by Pavel Francouz with a rebound.
6:09 of 3rd period - Slapshot by James Sheppard.
6:09 of 3rd period - Stopped by Samuel Montembeault with a rebound.
6:11 of 3rd period - Snap shot by Dylan McIlrath.
6:11 of 3rd period - Stopped by Samuel Montembeault with a rebound.
6:13 of 3rd period - Snap shot by Joe Labate.
6:13 of 3rd period - Deflect By Scott Glennie.
6:13 of 3rd period - Goal by Scott Glennie - Sound Tigers : 4 - Wolfpack : 2.
6:14 of 3rd period - Ryan Hartman wins face-off versus Maxime Sauvé in neutral zone.
6:29 of 3rd period - Slapshot by Borna Rendulic.
6:29 of 3rd period - Goal by Borna Rendulic - Sound Tigers : 5 - Wolfpack : 2.
6:30 of 3rd period - Ryan Hartman wins face-off versus Maxime Sauvé in neutral zone.
6:43 of 3rd period - Slapshot by Dylan McIlrath.
6:43 of 3rd period - Stopped by Samuel Montembeault with a rebound.
7:08 of 3rd period - Minor Penalty to Henrik Samuelsson for High sticking.
7:09 of 3rd period - Maxime Sauvé wins face-off versus Ryan Hartman in Wolfpack zone.
7:18 of 3rd period - Slapshot by Maxime Sauvé.
7:18 of 3rd period - Stopped by Pavel Francouz without a rebound.
7:19 of 3rd period - Borna Rendulic wins face-off versus Maxime Sauvé in Sound Tigers zone.
7:52 of 3rd period - Slapshot by Connor Murphy.
7:52 of 3rd period - Stopped by Samuel Montembeault with a rebound.
7:54 of 3rd period - Slapshot by Borna Rendulic.
7:54 of 3rd period - Stopped by Samuel Montembeault with a rebound.
7:56 of 3rd period - Snap shot by Borna Rendulic.
7:56 of 3rd period - Goal by Borna Rendulic - Sound Tigers : 6 - Wolfpack : 2.
7:57 of 3rd period - Maxime Sauvé wins face-off versus Joe Labate in neutral zone.
8:04 of 3rd period - Snap shot by Dave Dziurzynski.
8:04 of 3rd period - Stopped by Pavel Francouz without a rebound.
8:05 of 3rd period - Maxime Sauvé wins face-off versus Joe Labate in Sound Tigers zone.
8:23 of 3rd period - Slapshot by Joe Labate.
8:23 of 3rd period - Shot Misses the Net.
8:37 of 3rd period - Snap shot by Joe Labate.
8:37 of 3rd period - Stopped by Samuel Montembeault with a rebound.
8:39 of 3rd period - Snap shot by Scott Glennie.
8:39 of 3rd period - Stopped by Samuel Montembeault with a rebound.
8:47 of 3rd period - Wrist shot by James Sheppard.
8:47 of 3rd period - Stopped by Samuel Montembeault without a rebound.
8:48 of 3rd period - Henrik Samuelsson wins face-off versus Ryan Hartman in Wolfpack zone.
8:48 of 3rd period - Henrik Samuelsson is hit by Ryan Hartman.
8:54 of 3rd period - Slapshot by Steven Santini.
8:54 of 3rd period - Shot Blocked by Julian Melchiori.
9:02 of 3rd period - Snap shot by Henrik Samuelsson.
9:02 of 3rd period - Stopped by Pavel Francouz without a rebound.
9:03 of 3rd period - Ryan Hartman wins face-off versus Seth Griffith in Sound Tigers zone.
10:19 of 3rd period - Wrist shot by Ryan Bourque.
10:19 of 3rd period - Shot Misses the Net.
10:21 of 3rd period - Wrist shot by Josh Archibald.
10:21 of 3rd period - Stopped by Samuel Montembeault without a rebound.
10:22 of 3rd period - Ryan Hartman wins face-off versus Maxime Sauvé in Wolfpack zone.
10:48 of 3rd period - Connor Murphy is hit by Samuel Blais and loses puck.
11:23 of 3rd period - Wrist shot by Mikhail Sergachev.
11:23 of 3rd period - Shot Blocked by Julian Melchiori.
11:25 of 3rd period - Backhand shot by Vince Dunn.
11:25 of 3rd period - Stopped by Pavel Francouz with a rebound.
11:37 of 3rd period - Ryan Culkin is hit by Ryan Hartman and loses puck.
12:54 of 3rd period - Snap shot by James Sheppard.
12:54 of 3rd period - Stopped by Samuel Montembeault with a rebound.
13:08 of 3rd period - Vince Dunn is hit by Garret Ross and loses puck.
13:21 of 3rd period - Wrist shot by Borna Rendulic.
13:21 of 3rd period - Shot Misses the Net.
13:23 of 3rd period - Slapshot by Slater Koekkoek.
13:23 of 3rd period - Shot Blocked by Mikhail Sergachev.
13:25 of 3rd period - Slapshot by Slater Koekkoek.
13:25 of 3rd period - Stopped by Samuel Montembeault without a rebound.
13:26 of 3rd period - Seth Griffith wins face-off versus Joe Labate in Wolfpack zone.
13:52 of 3rd period - Ryan Bourque is hit by Stefan Noesen and loses puck.
14:28 of 3rd period - Off-side.
14:29 of 3rd period - Joe Labate wins face-off versus Kevin Roy in neutral zone.
14:50 of 3rd period - Dylan McIlrath is hit by Connor Chatam and loses puck.
14:57 of 3rd period - Snap shot by Connor Chatam.
14:57 of 3rd period - Shot Misses the Net.
15:23 of 3rd period - Icing by Alexander Barabanov.
15:24 of 3rd period - Kevin Roy wins face-off versus Ryan Hartman in Wolfpack zone.
15:57 of 3rd period - Wrist shot by Dave Dziurzynski.
15:57 of 3rd period - Shot Misses the Net.
16:03 of 3rd period - Slapshot by Stefan Noesen.
16:03 of 3rd period - Stopped by Pavel Francouz with a rebound.
16:15 of 3rd period - Henrik Samuelsson is hit by Ben Thomson and loses puck.
16:44 of 3rd period - Wrist shot by David Pope.
16:44 of 3rd period - Stopped by Pavel Francouz with a rebound.
16:46 of 3rd period - Backhand shot by Mikhail Sergachev.
16:46 of 3rd period - Shot Hit the Post.
17:24 of 3rd period - Snap shot by David Pope.
17:24 of 3rd period - Shot Misses the Net.
17:58 of 3rd period - Ben Thomson is hit by Samuel Blais and loses puck.
19:08 of 3rd period - Samuel Blais is hit by Ryan Bourque and loses puck.
19:38 of 3rd period - Slapshot by Ryan Dzingel.
19:38 of 3rd period - Stopped by Pavel Francouz with a rebound.
19:40 of 3rd period - Snap shot by David Pope.
19:40 of 3rd period - Stopped by Pavel Francouz with a rebound.
19:54 of 3rd period - Mikhail Sergachev is hit by Scott Glennie.
Goals for this period are 3 for Sound Tigers vs 0 for Wolfpack.
Shots for this period are 18 for Sound Tigers vs 13 for Wolfpack.